 Dungeon Crawl Stone Soup version 0.30-a0-1164-ge08a67761e (webtiles) character file.

Game seed: 9615504571532455197

1723 themarg the Blocker (level 8, -1/80 HPs)
             Began as a Troll Fighter on Apr 30, 2023.
             Was an Initiate of Makhleb.
             Slain by a two-headed ogre
             ... wielding a +0 giant spiked club
              (20 damage)
             ... on level 6 of the Dungeon.
             The game lasted 00:12:12 (5325 turns).

themarg the Blocker (Troll Fighter)                 Turns: 5325, Time: 00:12:13

Health: -1/80      AC:  8    Str: 27    XL:     8   Next: 75%
Magic:  7/7        EV: 14    Int:  4    God:    Makhleb [......]
Gold:   353        SH:  9    Dex:  9    Spells: 7/7 levels left

rFire   . .          .
                       - Unarmed
rCold   . . .        b - +0 kite shield
rNeg    . . .        a - +0 robe
rPois   .            (helmet restricted)
rElec   .            (no cloak)
rCorr   .            (gloves unavailable)
SInv    .            (boots unavailable)
Will    .....        (no amulet)
Stlth   +            h - +4 ring of protection
HPRegen 1.13/turn    m - +5 ring of evasion
MPRegen 0.10/turn

%: no passive effects
@: no status effects
A: large, unfitting armour, claws 3, regeneration 1, shaggy fur 1, tough skin 1
a: Renounce Religion


You were on level 6 of the Dungeon.
You worshipped Makhleb.
Makhleb was noncommittal.
You visited 2 branches of the dungeon, and saw 7 of its levels.

You collected 353 gold pieces.

Inventory:

Missiles
 d - 71 stones (quivered)
 i - 7 poisoned darts
 B - 2 throwing nets
 C - 5 boomerangs
Armour
 a - a +0 robe (worn)
 b - a +0 kite shield (worn)
Jewellery
 g - an amulet of magic regeneration
 h - a +4 ring of protection (left claw)
 m - a +5 ring of evasion (right claw)
 s - a +5 ring of evasion
Wands
 k - a wand of light (2)
 w - a wand of charming (6)
Scrolls
 e - a scroll of immolation {unknown}
 j - 4 scrolls of teleportation
 l - 2 scrolls of noise
 q - 2 scrolls of enchant weapon
 t - 2 scrolls of poison
 u - a scroll of torment {unknown}
 v - a scroll of magic mapping {unknown}
 x - a scroll of enchant armour {unknown}
 y - 2 scrolls of summoning {unknown}
 D - a scroll of identify
Potions
 c - 2 potions of might
 f - 7 potions of curing
 n - a potion of attraction
 o - 3 potions of resistance
 p - a potion of ambrosia {unknown}
 r - a potion of haste {unknown}
 z - 2 potions of magic {unknown}
 A - a potion of heal wounds {unknown}


   Skills:
 + Level 5.3 Fighting
 - Level 2.4 Dodging
 - Level 8.0 Shields
 + Level 5.5 Unarmed Combat


You had 7 spell levels left.
You didn't know any spells.
Your spell library contained the following spells:

 Spells                   Type           Power      Damage    Failure   Level
 Blink                    Tloc           0%         N/A       83%         2
 Ensorcelled Hibernation  Hex/Ice        0%         N/A       83%         2
 Sublimation of Blood     Necr           0%         N/A       83%         2
 Inner Flame              Hex/Fire       0%         N/A       96%         3
 Spider Form              Tmut/Pois      0%         N/A       96%         3
 Anguish                  Hex/Necr       0%         N/A       100%        4
 Flame Wave               Conj/Fire      0%         2d4       100%        4
 Manifold Assault         Tloc           0%         N/A       100%        4
 Petrify                  Tmut/Erth      0%         N/A       100%        4
 Sticky Flame             Conj/Fire      0%         2d3       100%        4
 Irradiate                Conj/Tmut      0%         3d11      100%        5
 Enfeeble                 Hex            0%         N/A       100%        7
 Storm Form               Tmut/Air       0%         N/A       100%        7


Dungeon Overview and Level Annotations

Branches:
Dungeon (6/15)             Temple (1/1) D:6

Altars:
Ashenzari
Cheibriados
Dithmenos
Elyvilon
Fedhas
Gozag
Hepliaklqana
Kikubaaqudgha
Makhleb
Nemelex Xobeh
Okawaru
Qazlal
Ru
Sif Muna
Trog
Uskayaw
Vehumet
Wu Jian
Xom
Yredelemnul
Zin
The Shining One

Annotations:
D:2 1 runed translucent door, Crazy Yiuf
D:5 3 runed translucent doors, exclusion: 3 doors, themarg's ghost, novice MfIE


Innate Abilities, Weirdness & Mutations

You are too large for most types of armour.
You have claws for hands.
Your natural rate of healing is unusually fast.
You are covered in fur. (AC +1)
You have tough skin. (AC +1)


Message History

You closely miss the phantom.
The phantom is almost destroyed.
The phantom hits you but does no damage.
You barely miss the phantom.
The phantom is almost destroyed.
The phantom hits you but does no damage.
You claw the phantom!
You destroy the phantom!
Makhleb accepts your kill.
You claw the two-headed ogre!
The two-headed ogre is moderately wounded.
You block the two-headed ogre's attack. The two-headed ogre barely misses you.
You scratch the two-headed ogre.
The two-headed ogre is moderately wounded.
You claw the two-headed ogre!
The two-headed ogre is severely wounded.
The two-headed ogre hits you with a +0 giant spiked club!!
The two-headed ogre hits you with a +0 giant club!
You claw the two-headed ogre!
The two-headed ogre is severely wounded.
The two-headed ogre barely misses you.
The two-headed ogre completely misses you.
You barely miss the two-headed ogre.
The two-headed ogre is severely wounded.
You scratch the two-headed ogre.
The two-headed ogre is almost dead.
The two-headed ogre barely misses you.
The two-headed ogre hits you with a +0 giant club!
You barely miss the two-headed ogre.
The two-headed ogre is almost dead.
The two-headed ogre hits you with a +0 giant spiked club!
* * * LOW HITPOINT WARNING * * *
The two-headed ogre completely misses you.
Okay, then.
You feel better.
You claw the two-headed ogre!
The two-headed ogre is almost dead.
The two-headed ogre barely misses you.
The two-headed ogre hits you with a +0 giant club!!
You die...

#.# #.# #.# #.# #.#
######## #.# #......#
#'###......# #####
...........# ######.....#
###........# #..@OS....?.
..#........###.####.###..
♣.#.............## ..
#........#
..'.#............## .#
........#
♣.#.#............)##
.##.......#
..#.#..........##))##
##.......#
###.#..........##...##
#......#
#.#.#.##.............##
#......#
#.#.#.##.##...........##
#.....#


You could see a two-headed ogre and an adder.

Vanquished Creatures
  Grinder (D:4)
  A wraith (D:6)
  2 centaurs
  3 phantoms
  A kobold brigand (D:6)
  2 scorpions
  A gnoll sergeant (D:5)
  2 jellies
  2 hounds
  2 orc priests
  5 iguanas
  Jessica (D:2)
  A sleepcap (D:4)
  Natasha (thrice) (D:2)
  2 orc wizards
  3 adders
  7 gnolls
  A white imp (D:6)
  5 worms
  2 dart slugs (D:1)
  21 orcs
  4 endoplasms
  3 giant cockroaches
  6 goblins
  13 hobgoblins
  5 jackals
  3 quokkas
  6 ball pythons
  5 bats
  4 frilled lizards
  6 kobolds
  8 rats
131 creatures vanquished.

Vanquished Creatures (others)
  A sky beast (D:6)
  5 plants (D:6)
6 creatures vanquished.

Grand Total: 137 creatures vanquished

Notes
Turn   | Place    | Note
-------+----------+-------------------------------------------
     0 | D:1      | themarg the Troll Fighter began the quest for the Orb.
     0 | D:1      | Reached XP level 1. HP: 22/22 MP: 0/0
   144 | D:1      | Reached XP level 2. HP: 25/29 MP: 1/1
   413 | D:1      | Found a faded altar of an unknown god.
   689 | D:1      | Reached XP level 3. HP: 37/37 MP: 2/2
   912 | D:2      | Noticed Jessica
   938 | D:2      | Killed Jessica
   939 | D:2      | Reached XP level 4. HP: 30/45 MP: 3/3
  1033 | D:2      | Noticed Natasha
  1035 | D:2      | Killed Natasha
  1123 | D:2      | Noticed Natasha
  1126 | D:2      | Killed Natasha
  1159 | D:2      | Noticed Natasha
  1166 | D:2      | Killed Natasha
  1167 | D:2      | Reached XP level 5. HP: 54/54 MP: 4/4
  1409 | D:2      | Found a runed translucent door.
  1410 | D:2      | Noticed Crazy Yiuf
  1608 | D:3      | Noticed a moth of wrath
  1611 | D:3      | Found a bloodstained altar of Trog.
  2887 | D:4      | Noticed a phantom
  3368 | D:4      | Reached XP level 6. HP: 58/63 MP: 5/5
  3404 | D:4      | Reached skill level 5 in Unarmed Combat
  3417 | D:4      | Reached skill level 5 in Fighting
  3422 | D:4      | Reached skill level 3 in Shields
  3436 | D:4      | Reached XP level 7. HP: 51/72 MP: 6/6
  3491 | D:4      | Reached skill level 4 in Shields
  3670 | D:4      | Found a shimmering blue altar of Sif Muna.
  3672 | D:4      | Found an iron altar of Okawaru.
  3674 | D:4      | Found a broken altar of Ashenzari.
  3734 | D:5      | Entered Level 5 of the Dungeon
  3734 | D:5      | Noticed Grinder
  3736 | D:5      | Paralysed by Grinder for 5 turns
  3770 | D:4      | Paralysed by Grinder for 5 turns
  3792 | D:4      | Killed Grinder
  3793 | D:4      | Reached skill level 5 in Shields
  3945 | D:5      | Reached skill level 6 in Shields
  4000 | D:5      | Reached XP level 8. HP: 79/80 MP: 7/7
  4075 | D:5      | Found a runed translucent gate.
  4075 | D:5      | Found a runed translucent gate.
  4076 | D:5      | Found a runed translucent gate.
  4076 | D:5      | Noticed themarg's ghost (novice MfIE)
  4663 | D:6      | Found a burning altar of Makhleb.
  4682 | D:6      | Became a worshipper of Makhleb the Destroyer
  4813 | D:6      | Found a staircase to the Ecumenical Temple.
  4826 | D:6      | Reached skill level 7 in Shields
  4832 | Temple   | Entered the Ecumenical Temple
  5219 | D:6      | Found a snail-covered altar of Cheibriados.
  5290 | D:6      | Reached skill level 8 in Shields
  5307 | D:6      | Noticed a two-headed ogre
  5325 | D:6      | Slain by a two-headed ogre

Illustrated notes

Levels and vault maps discovered:
D:1:      kilobyte_arrival_exit_the_forest, layout_basic,
          shapermc_ecumenical_altar_starsandcircs
D:2:      layout_loops_cross, uniq_crazy_yiuf_cottage, uniq_natasha,
          uniq_jessica
D:3:      layout_basic, tgw_trog
D:4:      layout_rooms, grunt_temple_overflow_open
D:5:      layout_loops_ring, gammafunk_ghost_nasty_kobolds, uniq_grinder
D:6:      layout_basic, mainiacjoe_overflow_cross_hatched,
          kennysheep_little_box, minmay_temple_entry_slanted, grunt_decor_cap,
          minmay_manual_mandibuliform
Temple:   eino_temple_rhombus

Skill      XL: |  1  2  3  4  5  6  7  8 |
---------------+-------------------------+-----
Fighting       | 3 4 5 |  5.3
Unarmed Combat | 3 4 5 |  5.5
Shields        | 3 6 8 |  8.0
Dodging        | |  2.4

Action                     |  1- 3 |  4- 6 |  7- 9 || total
---------------------------+-------+-------+-------++-------
  Melee: Unarmed           |    58 |   149 |   197 ||   404
         Punch             |     3 |     5 |     3 ||    11
  Evoke: Wand              |       |       |     2 ||     2
    Use: Scroll            |       |       |     6 ||     6
         Potion            |       |       |     1 ||     1
   Stab: Sleeping          |       |     1 |       ||     1
         Invisible         |       |       |     1 ||     1
 Armour: Robe              |    19 |    51 |    41 ||   111
  Dodge: Dodged            |    24 |   109 |   134 ||   267
  Block: Kite shield       |       |       |    44 ||    44

Table legend: (Time is in decaauts)
 A = Elapsed time spent in this place.
 B = Non-inter-level travel time spent in this place.
 C = Inter-level travel time spent in this place.
 D = Time resting spent in this place.
 E = Time spent auto-exploring this place.
 F = Levels seen in this place.
 G = Mean time per level.
                   A        B        C        D        E       F      G
               +--------+--------+--------+--------+--------+-----+--------+
         Total |   5312 |   4797 |    515 |    427 |   3395 |   7 |  758.9 |
       Dungeon |   5125 |   4626 |    499 |    427 |   3238 |   6 |  854.2 |
        Temple |    186 |    170 |     16 |      0 |    157 |   1 |  186.0 |
               +--------+--------+--------+--------+--------+-----+--------+

Top non-repeatable levels by time:
     D:3: 1660 daAuts
     D:1: 841 daAuts
     D:2: 837 daAuts
     D:5: 633 daAuts
     D:6: 627 daAuts
     D:4: 524 daAuts
  Temple: 186 daAuts
